 Dungeon Crawl Stone Soup version 0.21.0-3-g78d12a8 (webtiles) character file.

305 Monsterracer the Chopper (level 6, 0/52 HPs)
             Began as a Hill Orc Ice Elementalist on Jan 17, 2018.
             Slain by asterix65's ghost (10 damage)
             ... on level 3 of the Dungeon.
             The game lasted 00:04:31 (3343 turns).

Monsterracer the Chopper (HOIE)                     Turns: 3343, Time: 00:04:31

Health: 0/52       AC:  5    Str: 13    XL:     6   Next: 39%
Magic:  8/8        EV: 10    Int: 15    God:
Gold:   173        SH:  0    Dex: 11    Spells: 7/8 levels left

rFire    . . .     SeeInvis .   b - +2 short sword (elec)
rCold    . . .     Gourm    .   (no shield)
rNeg     . . .     Faith    .   h - +0 ring mail (curse)
rPois    .         Spirit   .   (no helmet)
rElec    .         Reflect  .   (no cloak)
rCorr    .         Harm     .   (no gloves)
MR       .....                  (no boots)
Stlth    +.........             (no amulet)
HPRegen  0.17/turn              (no ring)
MPRegen  0.11/turn              (no ring)

@: no status effects
A: no striking features
a: no special abilities


You were on level 3 of the Dungeon.
You were not hungry.

You visited 1 branch of the dungeon, and saw 3 of its levels.

You collected 173 gold pieces.

Inventory:

Hand Weapons
 a - a +0 hand axe
 b - a +2 short sword of electrocution (weapon)
 p - a +0 flail
Armour
 h - a cursed +0 ring mail (worn)
 k - a +0 buckler
Wands
 o - a wand of clouds (7)
Scrolls
 g - 3 scrolls of random uselessness {unknown}
 i - 2 scrolls of immolation {unknown}
 m - 2 scrolls of fear {unknown}
 n - a scroll of enchant weapon {unknown}
Potions
 d - 2 potions of curing {unknown}
 f - 2 potions of lignification {unknown}
 j - a potion of cancellation {unknown}
 l - 3 potions of mutation {unknown}
Books
 e - a book of Frost

   Spells                             Type                      Level
   a - Freeze                         Ice                          1
   b - Throw Frost                    Conjuration/Ice              2
   c - Ozocubu's Armour               Charms/Ice                   3
   d - Throw Icicle                   Conjuration/Ice              4
   e - Summon Ice Beast               Ice/Summoning                4
Comestibles
 c - 8 rations


   Skills:
 + Level 3.8 Fighting
 * Level 6.3 Axes
 + Level 1.0 Armour
 - Level 1.5 Dodging
 - Level 1.5 Stealth
 + Level 1.0 Shields
 - Level 1.5 Spellcasting
   Level 1.0 Conjurations
 - Level 2.6 Ice Magic


You had 7 spell levels left.
You knew the following spells:

 Your Spells              Type           Power        Failure   Level  Hunger
a - Freeze                Ice            #...         16%         1    ##.....


Dungeon Overview and Level Annotations

Branches:
Dungeon (3/15)

Altars:
Hepliaklqana
Nemelex Xobeh
Sif Muna

Annotations:
D:3 asterix65's ghost, weakling TrFi


Message History

The orc shouts!
The hobgoblin shouts!
You hit the kobold.
The kobold is moderately wounded.
You hit asterix65's ghost.
You hear a shout!
Asterix65's ghost hits you! The kobold hits you but does no damage.
An orc comes into view. It is wielding a flail of draining.
You take 13 damage, and have 39/52 hp.
MASSIVE DAMAGE!!
You closely miss the kobold.
The kobold is moderately wounded.
You barely miss asterix65's ghost. Asterix65's ghost closely misses you.
The kobold barely misses you.
A kobold comes into view. It is wielding a dagger.
The kobold closely misses you.
An orc comes into view. It is wielding a flail.
The orc hits you.
You take 4 damage, and have 36/52 hp.
The hobgoblin barely misses you.
Found a square lapis lazuli amulet.
A frilled lizard comes into view.
A bat comes into view.
Found 15 gold pieces.
The frilled lizard hisses angrily.
The bat barely misses you. The bat hits you but does no damage.
The bat hits you but does no damage.
The frilled lizard completely misses you.
The bat barely misses you.
The frilled lizard bites you but does no damage.
The bat hits you but does no damage. The bat barely misses you.
The bat barely misses you. The bat barely misses you.
The bat closely misses you. The bat closely misses you.
The bat closely misses you. The bat closely misses you.
The bat closely misses you. x2
The bat barely misses you. The bat closely misses you.
The bat completely misses you. The bat hits you but does no damage. x2
The bat hits you but does no damage. The bat hits you but does no damage.
The bat hits you but does no damage. The bat hits you but does no damage.
The bat hits you but does no damage. The bat completely misses you.
The bat hits you but does no damage.
Items here: )) [[[ รทรท
There is a stone staircase leading up here.
The hobgoblin closely misses you.
You hit the hobgoblin.
The hobgoblin is almost dead.
The hobgoblin hits you but does no damage.
There is a stone staircase leading up here.
You closely miss the hobgoblin.
The hobgoblin is severely wounded.
The hobgoblin barely misses you.
Your ring mail prevents you from hitting the hobgoblin.
The hobgoblin is severely wounded.
The hobgoblin barely misses you.
You hit the hobgoblin but do no damage.
The hobgoblin is severely wounded.
The hobgoblin hits you.
You hear the crackle of electricity.
b - a +2 short sword of electrocution (weapon)
The hobgoblin hits you but does no damage.
You hit the hobgoblin.
Lightning courses through the hobgoblin!
You kill the hobgoblin!
Your Shields skill increases to level 1!
The bat closely misses you. The bat hits you.
You take 1 damage, and have 43/52 hp.
Press: ? - help, v - describe, . - travel
Here: asterix65's ghost (moderately damaged)
The floor, spattered with blood.
You barely miss the bat. The bat hits you but does no damage. x2
You puncture the bat! Lightning courses through the bat!
You kill the bat!
You barely miss asterix65's ghost.
Asterix65's ghost is moderately damaged.
Asterix65's ghost barely misses you. Asterix65's ghost misses you.
You hit asterix65's ghost.
Lightning courses through asterix65's ghost!
Asterix65's ghost is severely damaged.
Asterix65's ghost hits you!
You take 10 damage, and have 33/52 hp.
You closely miss asterix65's ghost.
Asterix65's ghost is severely damaged.
Asterix65's ghost hits you!
* * * LOW HITPOINT WARNING * * *
You take 12 damage, and have 21/52 hp.
MASSIVE DAMAGE!!
You barely miss asterix65's ghost.
Asterix65's ghost is severely damaged.
Asterix65's ghost hits you!
* * * LOW HITPOINT WARNING * * *
You take 11 damage, and have 10/52 hp.
MASSIVE DAMAGE!!
Asterix65's ghost hits you!
You die...

######### #@Wooo..# #######.#
#bg...# ######## #.#####
.##....# #.#
.##)...###########.##########
.(............b[.........).>#
.##....######W#######..######
.##....#....)..........#


You could see asterix65's ghost and 3 orcs.

Vanquished Creatures
  Sigmund (D:2)
  A worker ant (D:2)
  2 adders
  3 oozes
  2 worms (D:2)
  2 dart slugs
  4 leopard geckos
  3 orcs (D:3)
  A ball python (D:1)
  4 giant cockroaches
  8 goblins
  12 hobgoblins
  8 kobolds
  A quokka (D:2)
  11 bats
  3 frilled lizards (D:1)
  11 rats
77 creatures vanquished.

Notes
Turn   | Place    | Note
-------+----------+-------------------------------------------
     0 | D:1      | Monsterracer the Hill Orc Ice Elementalist began the quest for the Orb.
     0 | D:1      | Reached XP level 1. HP: 14/14 MP: 3/3
    87 | D:1      | HP: 7/15 [leopard gecko (3)]
    92 | D:1      | Reached skill level 1 in Fighting
    99 | D:1      | HP: 5/16 [goblin (1)]
   348 | D:1      | Reached XP level 2. HP: 24/24 MP: 0/4
   659 | D:1      | HP: 11/25 [hobgoblin/club (4)]
   917 | D:1      | Reached XP level 3. HP: 31/31 MP: 5/5
  1392 | D:1      | Reached skill level 1 in Axes
  1509 | D:2      | Reached skill level 2 in Axes
  1650 | D:2      | Reached XP level 4. HP: 38/38 MP: 6/6
  1663 | D:2      | Noticed Sigmund
  1737 | D:2      | Killed Sigmund
  1737 | D:2      | Reached skill level 5 in Axes
  1737 | D:2      | Reached XP level 5. HP: 28/45 MP: 7/7
  1745 | D:2      | HP: 20/45 [kobold/trident (4)]
  1846 | D:2      | Reached skill level 6 in Axes
  1934 | D:2      | Reached XP level 6. HP: 51/51 MP: 8/8
  2503 | D:2      | Found a deep blue altar of Sif Muna.
  2562 | D:2      | Found a hazy altar of Hepliaklqana.
  2667 | D:3      | Found a sparkling altar of Nemelex Xobeh.
  2962 | D:3      | HP: 22/52 [orc/flail (8)]
  2974 | D:3      | HP: 23/52 [hobgoblin/club (2)]
  3037 | D:3      | Reached skill level 1 in Armour
  3275 | D:3      | Noticed asterix65's ghost (weakling TrFi)
  3336 | D:3      | Reached skill level 1 in Shields
  3341 | D:3      | HP: 21/52 [asterix65's ghost (12)]
  3342 | D:3      | HP: 10/52 [asterix65's ghost (11)]
  3343 | D:3      | Slain by asterix65's ghost

Skill      XL: |  1  2  3  4  5  6 |
---------------+-------------------+-----
Fighting       | 2 3 |  3.8
Axes           | 2 5 6 |  6.3
Armour         | 1 |  1.0
Shields        | 1 |  1.0
Dodging        | |  1.5
Stealth        | |  1.5
Spellcasting   | |  1.5
Conjurations   | |  1.0
Ice Magic      | |  2.6

Action                   |  1- 3 |  4- 6 || total
-------------------------+-------+-------++-------
Melee: Unarmed           |    44 |       ||    44
       Short sword       |    64 |    52 ||   116
       Hand axe          |       |    81 ||    81
 Cast: Freeze            |    19 |       ||    19
 Stab: Sleeping          |     2 |       ||     2
  Eat: Chunk             |     3 |     5 ||     8
Armor: Robe              |    15 |       ||    15
       Ring mail         |    31 |    63 ||    94
Dodge: Dodged            |    87 |   101 ||   188

Vault maps used:
D:1:      dpeg_arrival_court, minmay_pentomino_o2
D:2:      lemuel_blue_sif_altar, old_standard_altar, uniq_sigmund
D:3:      marbit_many_paths, grunt_dithmenos_smoke
